 Dungeon Crawl Stone Soup version 0.17-a0-1150-g17b0b87 (webtiles) character file.

467 glau the Shield-Bearer (level 7, 0/61 HPs)
             Began as a Hill Orc Fighter on May 27, 2015.
             Slain by an adder (4 damage)
             ... on level 5 of the Dungeon.
             The game lasted 00:15:57 (3911 turns).

glau the Shield-Bearer (Hill Orc Fighter)           Turns: 3911, Time: 00:15:58

Health: 0/61       AC:  7    Str: 20      XL:     7   Next: 8%
Magic:  7/7        EV:  7    Int:  5 (8)  God:
Gold:   370        SH: 10    Dex: 11      Spells: 0 memorised, 6 levels left

rFire  . . .     SeeInvis .     v - +0 whip (elec)
rCold  . . .     Clarity  .     b - +0 scale mail
rNeg   . . .     SustAt   .     c - +0 shield
rPois  +         Gourm    .     (no helmet)
rElec  .         Spirit   .     (no cloak)
rCorr  .         Warding  .     (no gloves)
rMut   .         Stasis   .     (no boots)
MR     .....                    (no amulet)
Stlth  ..........               (no ring)
                                F - ring of poison resistance

@: lethally poisoned (0 -> -28), not resistant to hostile enchantments,
extremely unstealthy
A: no striking features
a: no special abilities


You were on level 5 of the Dungeon.
You were not hungry.

You visited 1 branch of the dungeon, and saw 5 of its levels.

You collected 370 gold pieces.

Inventory:

Hand weapons
 a - a +0 flail
 v - a +0 whip of electrocution (weapon)
 C - a cursed -1 rapier
Missiles
 y - 13 arrows of flame
Armour
 b - a +0 scale mail (worn)
 c - a +0 shield (worn)
Rods
 E - a +0 iron rod (11/11)
   (You found it on level 5 of the Dungeon)
Jewellery
 F - a ring of poison resistance (left hand)
Magical devices
 u - a wand of fireball (4)
Scrolls
 f - 3 scrolls of amnesia
 h - a scroll of remove curse {unknown}
 j - 3 scrolls of immolation
 k - a scroll of recharging {unknown}
 l - 2 scrolls of blinking {unknown}
 m - 3 scrolls of identify
 n - 2 scrolls of teleportation {unknown}
 x - 2 scrolls of fog {unknown}
 B - a scroll of noise {unknown}
Potions
 d - 3 potions of might
 g - a potion of magic {unknown}
 q - a potion of lignification {unknown}
 r - a potion of ambrosia {unknown}
 s - a potion of heal wounds {unknown}
 w - a potion of degeneration
 z - a potion of mutation {unknown}
 A - a potion of haste {unknown}
 D - a potion of brilliance {unknown}
Comestibles
 e - 4 bread rations
 i - 3 fruits
 o - 2 meat rations
 p - a slice of pizza
 t - 2 chunks of flesh


   Skills:
 + Level 5.2 Fighting
 * Level 3.5 Maces & Flails
 + Level 5.4 Armour
 + Level 5.8 Shields


You had 6 spell levels left.
You didn't know any spells.

Dungeon Overview and Level Annotations

Branches:
Dungeon (5/15)
 Temple: D:4-7

Altars:
Ashenzari

Annotations:
D:3 Grinder


Message History

* * * LOW HITPOINT WARNING * * *
You feel very sick. The adder bites you but does no damage.
Drink which item? (? for menu, Esc to quit)
Okay, then.
Read which item? (? for menu, Esc to quit)
As you read the scroll labeled MUDEIG IDEI, it crumbles to dust.
The creatures around you are filled with an inner flame!
It was a scroll of immolation.
* * * LOW HITPOINT WARNING * * *
You feel sick. You block the adder's attack.
Read which item? (? for menu, Esc to quit)
As you read the scroll labeled YCWALU AJALOH, it crumbles to dust.
It is a scroll of identify.
Identify which item? (\ to view known items) (? for menu, Esc to quit)
f - 3 scrolls of amnesia
* * * LOW HITPOINT WARNING * * *
You feel very sick. The adder bites you but does no damage.
The adder bites you.
You die...

#### #.. #.....#.##..#. ########
#.# #.....'....... .......# #.#
#.....#....... #......#
#######'###.....#..##... #......#
.?......(.......#..# #.. .......#
........(...)...#..###.. ##.....#
.c....aS....#).......#..
.......#########S#####....#.###..
.............. #@# #<.........
.............. #.# #.(..#####.
...###........ #.# #.....# <..#
#........ #.# #.....# ...#
#........ #+# #.....# ...#
#........ ...##.# #### #........
.<... .# #........ ..... .%
#.[...... ...... ..


You could see a worker ant (inner flame) and 2 adders.

Vanquished Creatures
  A hound (D:5)
  A jelly (D:5)
  An iguana (D:4)
  An orc wizard (D:4)
  3 worker ants
  Natasha (thrice) (D:2)
  7 adders
  8 gnolls
  An ooze (D:2)
  2 worms
  6 giant geckos
  4 orcs
  6 bats
  A giant cockroach (D:2)
  15 hobgoblins
  6 jackals
  7 kobolds
  A quokka (D:5)
  4 giant newts
  8 goblins
  8 rats
94 creatures vanquished.

Notes
Turn   | Place    | Note
--------------------------------------------------------------
     0 | D:1      | glau the Hill Orc Fighter began the quest for the Orb.
     0 | D:1      | Reached XP level 1. HP: 19/19 MP: 1/1
    74 | D:1      | Reached XP level 2. HP: 12/27 MP: 2/2
   142 | D:1      | Reached skill level 4 in Fighting
   328 | D:1      | Reached XP level 3. HP: 24/33 MP: 3/3
   899 | D:2      | Found a shattered altar of Ashenzari.
   909 | D:2      | Reached XP level 4. HP: 18/40 MP: 4/4
  1588 | D:2      | Reached XP level 5. HP: 47/47 MP: 5/5
  1589 | D:2      | Noticed Natasha
  1593 | D:2      | Killed Natasha
  1622 | D:2      | Noticed Natasha
  1626 | D:2      | Killed Natasha
  1815 | D:2      | Noticed Natasha
  1821 | D:2      | Killed Natasha
  1988 | D:3      | Noticed Grinder
  1991 | D:3      | Paralysed by Grinder for 5 turns
  2000 | D:3      | Paralysed by Grinder for 4 turns
  2006 | D:3      | Paralysed by Grinder for 6 turns
  2027 | D:2      | HP: 2/47 [gnoll/whip (5)]
  2646 | D:4      | Reached skill level 5 in Shields
  2646 | D:4      | Reached XP level 6. HP: 53/55 MP: 6/6
  2993 | D:4      | Reached skill level 5 in Fighting
  3036 | D:4      | Reached skill level 5 in Armour
  3555 | D:5      | Entered Level 5 of the Dungeon
  3640 | D:5      | Reached XP level 7. HP: 47/61 MP: 7/7
  3911 | D:5      | Slain by an adder

Vault maps used:
D:1:      dpeg_arrival_tiny_a, hangedman_decor_points
D:2:      minmay_item_behind_shaft, evilmike_ruin_ashenzari, uniq_natasha
D:3:      uniq_grinder
D:5:      gammafunk_temple_overflow_elements, first_bread,
          roderic_three_in_a_row

Action                   |  1- 3 |  4- 6 |  7- 9 || total
-------------------------+-------+-------+-------++-------
Melee: Flail             |   125 |    83 |       ||   208
       Whip              |       |   187 |    30 ||   217
  Use: Potion            |       |     4 |     1 ||     5
       Scroll            |       |       |     2 ||     2
  Eat: Chunk             |       |     4 |     1 ||     5
       Meat ration       |       |     1 |       ||     1
